 Seeded DCSS version 0.28-a0-1447-ga5a8893891 (webtiles) character file.

Game seed: 12220866028070196384 (custom seed)

25 riojii the Ruffian (level 2, 24/24 HPs)
             Began as a Draconian Transmuter on Jan 12, 2022.
             Quit the game on level 1 of the Dungeon.
             The game lasted 00:00:50 (1311 turns).

riojii the Ruffian (Draconian Transmuter)           Turns: 1311, Time: 00:00:51

Health: 24/24      AC:  4    Str: 12    XL:     2   Next: 86%
Magic:  4/4        EV: 12    Int: 13    God:
Gold:   49         SH:  0    Dex: 11    Spells: 4/5 levels left

rFire   . . .      SeeInvis .     - Unarmed
rCold   . . .      Faith    .   (no shield)
rNeg    . . .      Spirit   .   (armour unavailable)
rPois   .          Reflect  .   (helmet restricted)
rElec   .          Harm     .   (no cloak)
rCorr   .          Rampage  .   (no gloves)
Will    .....                   (no boots)
Stlth   +.........              (no amulet)
HPRegen 0.08/turn               (no ring)
MPRegen 0.09/turn               (no ring)

@: very slow
A: AC +4, unfitting armour, cold-blooded, hooves 1, low mp 1
a: no special abilities


You were on level 1 of the Dungeon.
You visited 1 branch of the dungeon, and saw 1 of its levels.

You collected 49 gold pieces.

Inventory:

Scrolls
 a - 3 scrolls of identify {unknown}
 b - a scroll of fog {unknown}


   Skills:
 + Level 1.6 Fighting
 + Level 2.1 Dodging
 + Level 3.2 Unarmed Combat
 + Level 2.2 Spellcasting
 + Level 2.3 Transmutations


You had 4 spell levels left.
You knew the following spells:

 Your Spells              Type           Power      Damage    Failure   Level
a - Beastly Appendage     Tmut           14%        N/A       10%         1

Your spell library contained the following spells:

 Spells                   Type           Power      Damage    Failure   Level
 Wereblood                Tmut           7%         N/A       14%         2
 Animate Skeleton         Necr           2%         N/A       26%         1
 Pain                     Necr           4%         1d4       26%         1
 Spider Form              Tmut/Pois      4%         N/A       43%         3
 Vampiric Draining        Necr           1%         2d6       58%         3
 Ice Form                 Ice/Tmut       4%         N/A       83%         4


Dungeon Overview and Level Annotations

Branches:
Dungeon (1/15)

Altars:
Okawaru


Innate Abilities, Weirdness & Mutations

Your plain brown scales are hard. (AC +4)
You cannot fit into any form of body armour.
You are cold-blooded and may be slowed by cold attacks.
You have large cloven feet.
Your magical capacity is low. (-10% MP)


Message History

a +0 dagger; a goblin corpse You see here a frilled lizard skeleton.
a - 3 scrolls labelled DAEQIVI EMEA (gained 1)
c - a viscous brown potion
There is an open door here.
An endoplasm comes into view.
A hobgoblin comes into view.
The endoplasm quivers.
The hobgoblin shouts!
The endoplasm barely misses you.
You closely miss the hobgoblin. The endoplasm closely misses you.
The hobgoblin hits you but does no damage.
You hit the hobgoblin.
The hobgoblin is heavily wounded.
The endoplasm closely misses you. The hobgoblin closely misses you.
You barely miss the hobgoblin.
The hobgoblin is heavily wounded.
You hit the hobgoblin but do no damage.
The hobgoblin is heavily wounded.
The endoplasm hits you but does no damage.
The hobgoblin hits you but does no damage.
You hit the hobgoblin but do no damage.
The hobgoblin is heavily wounded.
The endoplasm barely misses you. The hobgoblin hits you.
You hit the hobgoblin.
You kill the hobgoblin!
The endoplasm freezes you.
You are frozen.
An endoplasm is nearby!
You hit the endoplasm. You punch the endoplasm.
You kill the endoplasm!
You now have 49 gold pieces (gained 9).
You enter the shallow water.
Moving in this stuff is going to be slow.
You enter the shallow water.
Moving in this stuff is going to be slow.
Found an iron altar of Okawaru.
It was a potion of mutation.
You feel extremely strange.
You feel less energetic.
Your feet thicken and deform.
Are you sure you want to abandon this character and quit the game? (Confirm with "yes".)

##.##........≈≈≈≈≈≈≈≈≈≈
#...#.##.##...≈≈≈≈≈≈≈≈≈_
......#...#...≈≈≈≈≈≈≈≈≈≈
#.............≈≈≈≈≈≈≈≈≈≈
##.#..#...#.#.≈≈≈≈≈≈≈≈≈≈≈#
....##...##.#.≈≈≈≈≈≈≈≈≈≈≈#
#...##......#..≈≈≈≈≈≈≈≈≈≈#
...#..#.##.#...≈≈≈≈≈≈≈≈≈≈#
.........#.#....@≈≈≈≈≈≈≈≈#
...#.........(...≈≈≈≈≈≈≈≈#
#.##.#...#..#......≈≈≈≈≈≈#
.....##.##...##.##...≈≈≈≈#
...'.........+..<#.....≈≈#
.###.........##.........≈#
## ##.......########.#..≈#
##.....## ##.#..# ##...##
#.####


There were no monsters in sight!

Vanquished Creatures
  2 dart slugs (D:1)
  3 endoplasms (D:1)
  2 giant cockroaches (D:1)
  A goblin (D:1)
  A hobgoblin (D:1)
  2 quokkas (D:1)
  2 ball pythons (D:1)
  A bat (D:1)
  3 frilled lizards (D:1)
  A kobold (D:1)
  3 rats (D:1)
21 creatures vanquished.

Notes
Turn   | Place    | Note
-------+----------+-------------------------------------------
     0 | D:1      | riojii the Draconian Transmuter began the quest for the
                  | Orb.
     0 | D:1      | Reached XP level 1. HP: 16/16 MP: 3/3
   277 | D:1      | Reached XP level 2. HP: 18/23 MP: 5/5
   497 | D:1      | Found a faded altar of an unknown god.
  1309 | D:1      | Found an iron altar of Okawaru.
  1310 | D:1      | Gained mutation: Your magical capacity is low. (-10% MP)
                  | [potion of mutation]
  1310 | D:1      | Gained mutation: You have large cloven feet. [potion of
                  | mutation]
  1311 | D:1      | Quit the game

Illustrated notes

Levels and vault maps discovered:
D:1:      dpeg_arrival_water_altar, layout_loops_corners,
          chequers_ecumenical_altar_lobes, hangedman_decor_clover_reticule

Skill      XL: |  1  2 |
---------------+-------+-----
Dodging        | 2 |  2.1
Fighting       | |  1.6
Unarmed Combat | |  3.2
Spellcasting   | |  2.2
Transmutations | |  2.3

Action                   || total
-------------------------++-------
Melee: Unarmed           ||    69
       Tailslap          ||     9
       Punch             ||     2
  Use: Potion            ||     1
 Stab: Sleeping          ||     1
Armor: Skin              ||    21
Dodge: Dodged            ||    51

Table legend: (Time is in decaauts)
 A = Elapsed time spent in this place.
 B = Non-inter-level travel time spent in this place.
 C = Inter-level travel time spent in this place.
 D = Time resting spent in this place.
 E = Time spent auto-exploring this place.
 F = Levels seen in this place.
 G = Mean time per level.
                   A        B        C        D        E       F      G
               +--------+--------+--------+--------+--------+-----+--------+
         Total |   1311 |   1311 |      0 |      0 |   1152 |   1 | 1311.0 |
       Dungeon |   1311 |   1311 |      0 |      0 |   1152 |   1 | 1311.0 |
               +--------+--------+--------+--------+--------+-----+--------+

Top non-repeatable levels by time:
     D:1: 1311 daAuts
